Griffins vs Wolfpack
Created - February 3, 2022 at 19:32
Goals
|
| Griffins |
1 |
1 |
2 |
4 |
| Wolfpack |
1 |
1 |
1 |
3 |
|
Shots
|
| Griffins |
12 |
15 |
15 |
42 |
| Wolfpack |
17 |
7 |
9 |
33 |
|
1st period
1. Griffins , Danny Kristo 11 (Tyler Pitlick 18, Troy Terry 2) at 18:53
2. Wolfpack , Samuel Blais 9 (Maxime Sauvé 25) at 19:30
Penalties :
No Penalty
2nd period
3. Wolfpack , Maxime Sauvé 19 (Samuel Blais 6, Sebastian Collberg 14) at 7:14
4. Griffins , Riley Armstrong 16 (Adam Gaudette 18, Martin Frk 8) at 11:48 (PP)
Penalties :
Riley Armstrong (Gra) for Hooking (Minor) at 1:03, Adam Gaudette (Gra) for Goalie Interference (Minor) at 7:55, Seth Griffith (Har) for Hooking (Minor) at 11:35, Stefan Noesen (Har) for Slashing (Minor) at 18:40
3rd period
5. Griffins , Sonny Milano 4 (Riley Armstrong 22) at 4:35
6. Griffins , Brendan Woods 8 (Troy Terry 3) at 14:11
7. Wolfpack , Derrick Pouliot 4 (David Pope 5, Kevin Roy 4) at 18:05
Penalties :
Riley Armstrong (Gra) for Slashing (Minor) at 1:33, Henrik Samuelsson (Har) for Cross-checking (Minor) at 5:01, Kevin Roy (Har) for Roughing (Double Minor) at 5:57, Connor Chatam (Har) for Tripping (Minor) at 11:01, Sonny Milano (Gra) for Holding (Minor) at 18:26
Goalie Stats
Marcus Hogberg (Gra), 30 saves from 33 shots - (0.909), W, 1-0-0, 60:00 minutes
Samuel Montembeault (Har), 38 saves from 42 shots - (0.905), L, 9-6-0, 59:06 minutes
Players Stats for Griffins
Player Name G A P +/- PIM S H SB GA TA FO MP PP MP PK MP
------------------------------------------------------------------------------------
Adam Gaudette 0 1 1 0 2 5 1 0 0 0 1/2 18:48 4:28 0:19
Brendan Woods 1 0 1 1 0 4 1 0 0 0 0/0 11:52 0:40 4:05
Danny Kristo 1 0 1 -1 0 2 1 0 3 0 1/3 18:06 4:01 1:06
Filip Hronek 0 0 0 -1 0 0 0 0 0 3 0/0 8:38 0:00 0:00
Garrett Wilson 0 0 0 -1 0 0 0 1 0 1 0/1 9:03 0:41 0:00
Ian McCoshen 0 0 0 -1 0 1 1 2 0 0 0/0 17:35 0:26 4:31
Lucas Lessio 0 0 0 0 0 4 0 0 0 2 1/1 19:52 4:01 1:50
Marcus Pettersson 0 0 0 -1 0 3 0 1 1 2 0/0 23:22 4:55 0:00
Martin Frk 0 1 1 -1 0 3 1 0 0 1 2/8 14:22 5:03 0:00
Mathew Barzal 0 0 0 0 0 1 1 1 0 0 8/22 20:23 4:01 2:20
Patrick Wiercioch 0 0 0 2 0 2 1 0 0 1 0/0 14:55 0:00 2:59
Phil Oreskovic 0 0 0 -1 0 1 4 3 0 0 0/0 25:46 3:45 4:31
Riley Armstrong 1 1 2 1 4 8 4 2 1 2 8/29 21:30 4:26 2:09
Ryan Lindgren 0 0 0 0 0 0 0 0 0 0 0/0 4:06 0:00 0:00
Ryan Pulock 0 0 0 2 0 0 1 1 0 0 0/0 15:33 0:38 2:59
Sonny Milano 1 0 1 0 2 3 0 0 1 0 0/0 14:05 3:45 0:29
Troy Terry 0 2 2 1 0 1 3 0 0 0 0/0 7:11 0:01 0:00
Tyler Pitlick 0 1 1 -1 0 1 1 0 1 0 0/0 17:16 4:29 0:00
Vladislav Namestnikov 0 0 0 1 0 3 0 0 0 0 1/5 10:03 0:10 2:42
Players Stats for Wolfpack
Player Name G A P +/- PIM S H SB GA TA FO MP PP MP PK MP
------------------------------------------------------------------------------------
Alex Barre-Boulet 0 0 0 0 0 0 0 0 0 0 0/0 9:17 0:00 0:00
Colton White 0 0 0 -1 0 0 0 0 0 0 0/0 10:33 0:00 0:45
Connor Chatam 0 0 0 -2 2 0 0 0 0 1 0/0 8:06 0:06 0:00
Dave Dziurzynski 0 0 0 -1 0 1 2 0 4 0 0/1 15:02 0:06 4:34
David Pope 0 1 1 -2 0 3 0 0 0 0 0/1 9:51 0:06 1:46
Derrick Pouliot 1 0 1 0 0 2 1 1 0 0 0/0 22:15 3:17 5:08
Henrik Samuelsson 0 0 0 0 2 3 1 0 0 0 23/35 20:52 4:08 2:28
Kevin Roy 0 1 1 -1 4 0 1 1 0 0 3/3 7:22 0:00 0:10
Maxime Sauvé 1 1 2 2 0 6 0 0 2 1 18/25 20:03 3:16 5:06
Mikhail Sergachev 0 0 0 1 0 1 0 0 0 2 0/0 27:12 4:13 3:13
Ryan Culkin 0 0 0 -1 0 1 1 0 0 0 0/0 10:33 0:00 0:45
Ryan Dzingel 0 0 0 0 0 2 3 0 1 0 0/0 20:05 3:16 2:32
Samuel Blais 1 1 2 2 0 3 1 0 0 1 0/0 15:57 4:08 0:00
Sebastian Collberg 0 1 1 2 0 4 1 0 1 0 0/0 15:07 3:16 0:00
Seth Griffith 0 0 0 0 2 4 3 0 0 0 4/5 9:58 0:00 0:32
Stefan Noesen 0 0 0 0 2 1 2 0 3 0 1/1 18:06 4:08 0:00
Steven Santini 0 0 0 0 0 2 0 3 0 1 0/0 22:15 3:17 5:08
Vince Dunn 0 0 0 1 0 0 1 3 1 1 0/0 27:12 4:13 3:13
3 Stars
1 - Samuel Blais (Har)
2 - Maxime Sauvé (Har)
3 - Troy Terry (Gra)
Power Play
Griffins - 1 on 6 Attempt(s) - 16.67%
Wolfpack - 0 on 4 Attempt(s) - 0.00%
Penalty Kill
Griffins - 4 on 4 Attempt(s) - 100.00%
- Score 0 goal in Penalty Kill
Wolfpack - 5 on 6 Attempt(s) - 83.33%
- Score 0 goal in Penalty Kill
Team Stat
Griffins - Hits : 20 - Faceoff Wins : 22 - Blocked Shots : 11 - Penalty Minutes : 8
Wolfpack - Hits : 17 - Faceoff Wins : 49 - Blocked Shots : 8 - Penalty Minutes : 12
Official
Referees : Brandon Blandina and Reid Anderson
Linesman : Tyson Baker and Travis Gawryletz
Game Notes
No Game Note
Finance
Level 1 -- Attendance: 1795 (89.75%) -- Ticket Income $62,825
Level 2 -- Attendance: 926 (92.60%) -- Ticket Income $13,890
Total Attendance: 2721 (90.70%)
Total Ticket Income: $76,715
Other Income: $3,836
Total Income: $80,551
Griffins
5 vs 5 Forward
Center Left Wing Right Wing Time % Phy DF OF
1 Riley Armstrong Lucas Lessio Adam Gaudette 37 1 2 2
2 Mathew Barzal Tyler Pitlick Danny Kristo 33 1 2 2
3 Martin Frk Sonny Milano Garrett Wilson 20 1 2 2
4 Vladislav Namestnikov Brendan Woods Troy Terry 10 1 2 2
5 vs 5 Defense
Defense Defense Time % Phy DF OF
1 Marcus Pettersson Phil Oreskovic 40 1 2 2
2 Patrick Wiercioch Ryan Pulock 30 1 2 2
3 Ian McCoshen Filip Hronek 20 1 2 2
4 Ian McCoshen Ryan Lindgren 10 1 2 2
PowerPlay Forward
Center Left Wing Right Wing Time % Phy DF OF
1 Riley Armstrong Tyler Pitlick Adam Gaudette 55 1 1 3
2 Mathew Barzal Lucas Lessio Danny Kristo 45 1 1 3
PowerPlay Defense
Defense Defense Time % Phy DF OF
1 Marcus Pettersson Martin Frk 55 0 2 3
2 Phil Oreskovic Sonny Milano 45 0 2 3
Penalty Kill 4 Players Forward
Center Wing Time % Phy DF OF
1 Riley Armstrong Brendan Woods 60 1 2 2
2 Vladislav Namestnikov Danny Kristo 40 1 2 2
Penalty Kill 4 Players Defense
Defense Defense Time % Phy DF OF
1 Ian McCoshen Phil Oreskovic 60 1 2 2
2 Patrick Wiercioch Ryan Pulock 40 1 2 2
Penalty Kill - 3 Players Forward
Forward Time % Phy DF OF
1 Brendan Woods 60 1 2 2
2 Riley Armstrong 40 1 2 2
Penalty Kill - 3 Players Defense
Defense Defense Time % Phy DF OF
1 Ian McCoshen Phil Oreskovic 60 1 2 2
2 Patrick Wiercioch Ryan Pulock 40 1 2 2
4 vs 4 Forward
Center Wing Time % Phy DF OF
1 Riley Armstrong Tyler Pitlick 60 1 2 2
2 Vladislav Namestnikov Brendan Woods 40 1 2 2
4 vs 4 Defense
Defense Defense Time % Phy DF OF
1 Marcus Pettersson Phil Oreskovic 60 1 2 2
2 Patrick Wiercioch Ryan Pulock 40 1 2 2
Last Minutes Offensive
Center Left Wing Right Wing Defense Defense
Riley Armstrong Tyler Pitlick Adam Gaudette Marcus Pettersson Danny Kristo
Last Minutes Defensive
Center Left Wing Right Wing Defense Defense
Riley Armstrong Brendan Woods Danny Kristo Marcus Pettersson Phil Oreskovic
Goaltenders
Starting : Marcus Hogberg
Backup : Adam Werner
Extra Forwards
Normal : Brendan Woods, Lucas Lessio, Garrett Wilson - PP : Brendan Woods, Lucas Lessio - PK : Brendan Woods
Extra Defensemen
Normal : Ryan Pulock, Ian McCoshen, Ryan Lindgren - PP : Ryan Pulock - PK : Ryan Pulock, Ian McCoshen
Penalty Shots
Adam Gaudette, Sonny Milano, Danny Kristo, Vladislav Namestnikov, Troy Terry
Scratches
Greg McKegg (Healthy), Jack Ramsey (Healthy), Jordan Weal (Healthy), Konrad Abeltshauser (Healthy), Michael Bunting (Healthy)
Nikita Pavlychev (Healthy), Ryan Mantha (Healthy), Tanner Kero (Healthy), Tomas Hyka (Healthy), Olivier Roy (Healthy)
Philippe Desrosiers (Healthy)
Wolfpack
5 vs 5 Forward
Center Left Wing Right Wing Time % Phy DF OF
1 Henrik Samuelsson Ryan Dzingel Stefan Noesen 40 1 2 2
2 Maxime Sauvé Samuel Blais Sebastian Collberg 30 1 2 2
3 Seth Griffith Dave Dziurzynski Alex Barre-Boulet 20 1 2 2
4 Kevin Roy David Pope Connor Chatam 10 1 2 2
5 vs 5 Defense
Defense Defense Time % Phy DF OF
1 Vince Dunn Mikhail Sergachev 40 1 2 2
2 Derrick Pouliot Steven Santini 30 1 2 2
3 Ryan Culkin Colton White 20 1 2 2
4 Vince Dunn Mikhail Sergachev 10 1 2 2
PowerPlay Forward
Center Left Wing Right Wing Time % Phy DF OF
1 Henrik Samuelsson Samuel Blais Stefan Noesen 60 1 2 2
2 Maxime Sauvé Ryan Dzingel Sebastian Collberg 40 1 2 2
PowerPlay Defense
Defense Defense Time % Phy DF OF
1 Vince Dunn Mikhail Sergachev 60 1 2 2
2 Derrick Pouliot Steven Santini 40 1 2 2
Penalty Kill 4 Players Forward
Center Wing Time % Phy DF OF
1 Maxime Sauvé Dave Dziurzynski 60 1 2 2
2 Henrik Samuelsson Ryan Dzingel 40 1 2 2
Penalty Kill 4 Players Defense
Defense Defense Time % Phy DF OF
1 Derrick Pouliot Steven Santini 60 1 2 2
2 Vince Dunn Mikhail Sergachev 40 1 2 2
Penalty Kill - 3 Players Forward
Forward Time % Phy DF OF
1 Maxime Sauvé 60 1 2 2
2 Henrik Samuelsson 40 1 2 2
Penalty Kill - 3 Players Defense
Defense Defense Time % Phy DF OF
1 Derrick Pouliot Steven Santini 60 1 2 2
2 Vince Dunn Mikhail Sergachev 40 1 2 2
4 vs 4 Forward
Center Wing Time % Phy DF OF
1 Maxime Sauvé Dave Dziurzynski 60 1 2 2
2 Henrik Samuelsson Ryan Dzingel 40 1 2 2
4 vs 4 Defense
Defense Defense Time % Phy DF OF
1 Derrick Pouliot Steven Santini 60 1 2 2
2 Vince Dunn Mikhail Sergachev 40 1 2 2
Last Minutes Offensive
Center Left Wing Right Wing Defense Defense
Maxime Sauvé Dave Dziurzynski Stefan Noesen Derrick Pouliot Steven Santini
Last Minutes Defensive
Center Left Wing Right Wing Defense Defense
Maxime Sauvé Dave Dziurzynski Stefan Noesen Derrick Pouliot Steven Santini
Goaltenders
Starting : Samuel Montembeault
Backup : Mike Condon
Extra Forwards
Normal : Ryan Dzingel, David Pope, Seth Griffith - PP : Ryan Dzingel, David Pope - PK : Ryan Dzingel
Extra Defensemen
Normal : Mikhail Sergachev, Ryan Culkin, Colton White - PP : Mikhail Sergachev - PK : Mikhail Sergachev, Ryan Culkin
Penalty Shots
Maxime Sauvé, Stefan Noesen, Dave Dziurzynski, Henrik Samuelsson, Ryan Dzingel
Scratches
Adam Lowry (Healthy), Dryden Hunt (Healthy), Jacob Middleton (Healthy), Jake Marchment (Healthy), Joel Kiviranta (Healthy)
Joshua Jacobs (Healthy), Keegan Kolesar (Healthy), Mikhail Vorobyev (Healthy), Will Borgen (Healthy), Alexander Barabanov (Healthy)
Andrew Peeke (Healthy), Dante Fabbro (Healthy), Jeffrey Viel (Healthy), Yegor Korshkov (Healthy), Jake Paterson (Healthy)
% Time on Ice - Griffins
Lines # - Real PCT - Wanted PCT - Time Play
Normal Forward
1 - 35% - 37% - 15:12
2 - 30% - 33% - 13:01
3 - 19% - 20% - 8:05
4 - 16% - 10% - 7:06
Normal Defense
1 - 42% - 40% - 18:21
2 - 28% - 30% - 12:19
3 - 20% - 20% - 8:38
4 - 9% - 10% - 4:06
PP Forward
1 - 54% - 55% - 4:55
2 - 46% - 45% - 4:11
PP Defense
1 - 59% - 55% - 5:21
2 - 41% - 45% - 3:45
PK Forward
1 - 85% - 60% - 6:24
2 - 15% - 40% - 1:06
PK Defense
1 - 60% - 60% - 4:31
2 - 40% - 40% - 2:59
PK3 Forward
1 - 0% - 60%
2 - 0% - 40%
PK3 Defense
1 - 0% - 60%
2 - 0% - 40%
44 Forward
1 - 0% - 60%
2 - 0% - 40%
44 Defense
1 - 0% - 60%
2 - 0% - 40%
Last Minute Offensive - 0:00
Last Minute Defensive - 0:00
Total
Forward - 60:00
Defense - 60:00
|
% Time on Ice - Wolfpack
Lines # - Real PCT - Wanted PCT - Time Play
Normal Forward
1 - 34% - 40% - 14:45
2 - 29% - 30% - 12:26
3 - 21% - 20% - 9:17
4 - 16% - 10% - 6:56
Normal Defense
1 - 39% - 40% - 16:51
2 - 34% - 30% - 14:53
3 - 23% - 20% - 9:48
4 - 4% - 10% - 1:52
PP Forward
1 - 56% - 60% - 4:14
2 - 44% - 40% - 3:16
PP Defense
1 - 56% - 60% - 4:13
2 - 44% - 40% - 3:17
PK Forward
1 - 82% - 60% - 6:34
2 - 18% - 40% - 1:29
PK Defense
1 - 63% - 60% - 5:05
2 - 37% - 40% - 2:58
PK3 Forward
1 - 100% - 60% - 1:03
2 - 0% - 40% - 0:00
PK3 Defense
1 - 76% - 60% - 0:48
2 - 24% - 40% - 0:15
44 Forward
1 - 0% - 60%
2 - 0% - 40%
44 Defense
1 - 0% - 60%
2 - 0% - 40%
Last Minute Offensive - 0:00
Last Minute Defensive - 0:00
Total
Forward - 60:00
Defense - 60:00
|
Play-by-Play
1st period
0:01 of 1st period - Henrik Samuelsson wins face-off versus Riley Armstrong in neutral zone.
0:50 of 1st period - Wrist shot by Sonny Milano.
0:50 of 1st period - Stopped by Samuel Montembeault without a rebound.
0:51 of 1st period - Kevin Roy wins face-off versus Martin Frk in Wolfpack zone.
2:03 of 1st period - Wrist shot by Riley Armstrong.
2:03 of 1st period - Shot Misses the Net.
2:05 of 1st period - Slapshot by Riley Armstrong.
2:05 of 1st period - Stopped by Samuel Montembeault without a rebound.
2:06 of 1st period - Maxime Sauvé wins face-off versus Riley Armstrong in Wolfpack zone.
2:38 of 1st period - Slapshot by Sonny Milano.
2:38 of 1st period - Shot Misses the Net.
2:56 of 1st period - Snap shot by Seth Griffith.
2:56 of 1st period - Stopped by Marcus Hogberg with a rebound.
2:58 of 1st period - Slapshot by Derrick Pouliot.
2:58 of 1st period - Shot Blocked by Ian McCoshen.
3:00 of 1st period - Snap shot by Dave Dziurzynski.
3:00 of 1st period - Stopped by Marcus Hogberg without a rebound.
3:01 of 1st period - Maxime Sauvé wins face-off versus Riley Armstrong in Griffins zone.
3:06 of 1st period - Slapshot by Sebastian Collberg.
3:06 of 1st period - Stopped by Marcus Hogberg with a rebound.
3:08 of 1st period - Slapshot by Maxime Sauvé.
3:08 of 1st period - Stopped by Marcus Hogberg without a rebound.
3:09 of 1st period - Maxime Sauvé wins face-off versus Adam Gaudette in Griffins zone.
3:12 of 1st period - Snap shot by Sebastian Collberg.
3:12 of 1st period - Stopped by Marcus Hogberg with a rebound.
3:14 of 1st period - Snap shot by Maxime Sauvé.
3:14 of 1st period - Shot Blocked by Phil Oreskovic.
3:22 of 1st period - Wrist shot by Maxime Sauvé.
3:22 of 1st period - Stopped by Marcus Hogberg with a rebound.
3:24 of 1st period - Snap shot by Samuel Blais.
3:24 of 1st period - Shot Blocked by Phil Oreskovic.
3:40 of 1st period - Wrist shot by Henrik Samuelsson.
3:40 of 1st period - Shot Misses the Net.
4:21 of 1st period - Wrist shot by Vince Dunn.
4:21 of 1st period - Deflect By Samuel Blais.
4:21 of 1st period - Shot Misses the Net.
4:21 of 1st period - Puck is out of play.
4:22 of 1st period - Maxime Sauvé wins face-off versus Riley Armstrong in Griffins zone.
4:37 of 1st period - Snap shot by Lucas Lessio.
4:37 of 1st period - Stopped by Samuel Montembeault without a rebound.
4:38 of 1st period - Henrik Samuelsson wins face-off versus Mathew Barzal in Wolfpack zone.
4:53 of 1st period - Danny Kristo is hit by Ryan Dzingel and loses puck.
6:09 of 1st period - Wrist shot by Stefan Noesen.
6:09 of 1st period - Stopped by Marcus Hogberg with a rebound.
6:11 of 1st period - Slapshot by Steven Santini.
6:11 of 1st period - Shot Misses the Net.
6:17 of 1st period - Slapshot by Henrik Samuelsson.
6:17 of 1st period - Stopped by Marcus Hogberg with a rebound.
6:56 of 1st period - Wrist shot by Vladislav Namestnikov.
6:56 of 1st period - Stopped by Samuel Montembeault with a rebound.
6:58 of 1st period - Slapshot by Brendan Woods.
6:58 of 1st period - Shot Misses the Net.
7:00 of 1st period - Snap shot by Brendan Woods.
7:00 of 1st period - Stopped by Samuel Montembeault without a rebound.
7:01 of 1st period - Henrik Samuelsson wins face-off versus Mathew Barzal in Wolfpack zone.
7:01 of 1st period - Henrik Samuelsson is hit by Danny Kristo.
7:11 of 1st period - Snap shot by Stefan Noesen.
7:11 of 1st period - Shot Blocked by Mathew Barzal.
7:28 of 1st period - Adam Gaudette is hit by Samuel Blais and loses puck.
7:47 of 1st period - Off-side.
7:48 of 1st period - Seth Griffith wins face-off versus Martin Frk in neutral zone.
8:03 of 1st period - Slapshot by Seth Griffith.
8:03 of 1st period - Stopped by Marcus Hogberg with a rebound.
8:18 of 1st period - Snap shot by Mathew Barzal.
8:18 of 1st period - Shot Misses the Net.
8:59 of 1st period - Snap shot by Kevin Roy.
8:59 of 1st period - Shot Misses the Net.
9:01 of 1st period - Wrist shot by Steven Santini.
9:01 of 1st period - Stopped by Marcus Hogberg with a rebound.
9:03 of 1st period - Snap shot by Kevin Roy.
9:03 of 1st period - Shot Misses the Net.
9:18 of 1st period - Wrist shot by Seth Griffith.
9:18 of 1st period - Stopped by Marcus Hogberg without a rebound.
9:19 of 1st period - Henrik Samuelsson wins face-off versus Danny Kristo in Griffins zone.
9:44 of 1st period - Snap shot by Maxime Sauvé.
9:44 of 1st period - Stopped by Marcus Hogberg without a rebound.
9:45 of 1st period - Maxime Sauvé wins face-off versus Riley Armstrong in Griffins zone.
9:57 of 1st period - Snap shot by Samuel Blais.
9:57 of 1st period - Shot Misses the Net.
9:59 of 1st period - Snap shot by Maxime Sauvé.
9:59 of 1st period - Shot Blocked by Marcus Pettersson.
10:11 of 1st period - Ryan Dzingel is hit by Phil Oreskovic and loses puck.
10:32 of 1st period - Wrist shot by Garrett Wilson.
10:32 of 1st period - Shot Blocked by Steven Santini.
10:36 of 1st period - Slapshot by Sonny Milano.
10:36 of 1st period - Stopped by Samuel Montembeault with a rebound.
10:38 of 1st period - Slapshot by Phil Oreskovic.
10:38 of 1st period - Deflect By Sonny Milano.
10:38 of 1st period - Shot Misses the Net.
10:38 of 1st period - Puck is out of play.
10:39 of 1st period - Henrik Samuelsson wins face-off versus Riley Armstrong in Wolfpack zone.
11:27 of 1st period - Patrick Wiercioch is hit by Derrick Pouliot and loses puck.
11:48 of 1st period - Henrik Samuelsson is hit by Troy Terry and loses puck.
12:52 of 1st period - Connor Chatam is hit by Tyler Pitlick and loses puck.
12:59 of 1st period - Tyler Pitlick is hit by Kevin Roy and loses puck.
13:21 of 1st period - Snap shot by Tyler Pitlick.
13:21 of 1st period - Shot Misses the Net.
13:38 of 1st period - Wrist shot by Tyler Pitlick.
13:38 of 1st period - Shot Blocked by Vince Dunn.
14:04 of 1st period - Snap shot by Riley Armstrong.
14:04 of 1st period - Shot Misses the Net.
14:24 of 1st period - Off-side.
14:25 of 1st period - Henrik Samuelsson wins face-off versus Martin Frk in neutral zone.
14:38 of 1st period - Snap shot by Stefan Noesen.
14:38 of 1st period - Shot Misses the Net.
14:40 of 1st period - Wrist shot by Stefan Noesen.
14:40 of 1st period - Deflect By Henrik Samuelsson.
14:40 of 1st period - Shot Blocked by Ryan Pulock.
14:40 of 1st period - Puck is out of play.
14:41 of 1st period - Maxime Sauvé wins face-off versus Riley Armstrong in Griffins zone.
15:19 of 1st period - Ryan Dzingel is hit by Ryan Pulock.
15:29 of 1st period - Ryan Culkin is hit by Troy Terry and loses puck.
15:34 of 1st period - Slapshot by Brendan Woods.
15:34 of 1st period - Stopped by Samuel Montembeault with a rebound.
15:38 of 1st period - Snap shot by Brendan Woods.
15:38 of 1st period - Stopped by Samuel Montembeault without a rebound.
15:39 of 1st period - Riley Armstrong wins face-off versus Maxime Sauvé in Wolfpack zone.
15:54 of 1st period - Snap shot by Riley Armstrong.
15:54 of 1st period - Shot Blocked by Vince Dunn.
16:01 of 1st period - Icing by Vince Dunn.
16:02 of 1st period - Henrik Samuelsson wins face-off versus Garrett Wilson in Wolfpack zone.
16:17 of 1st period - Slapshot by Vince Dunn.
16:17 of 1st period - Deflect By Ryan Dzingel.
16:17 of 1st period - Stopped by Marcus Hogberg with a rebound.
16:50 of 1st period - Lucas Lessio is hit by Ryan Culkin.
17:08 of 1st period - David Pope is hit by Riley Armstrong and loses puck.
17:29 of 1st period - Slapshot by Adam Gaudette.
17:29 of 1st period - Shot Misses the Net.
17:31 of 1st period - Slapshot by Riley Armstrong.
17:31 of 1st period - Shot Misses the Net.
17:33 of 1st period - Wrist shot by Riley Armstrong.
17:33 of 1st period - Stopped by Samuel Montembeault without a rebound.
17:34 of 1st period - Henrik Samuelsson wins face-off versus Mathew Barzal in Wolfpack zone.
17:39 of 1st period - Snap shot by Danny Kristo.
17:39 of 1st period - Stopped by Samuel Montembeault without a rebound.
17:40 of 1st period - Henrik Samuelsson wins face-off versus Mathew Barzal in Wolfpack zone.
17:47 of 1st period - Backhand shot by Henrik Samuelsson.
17:47 of 1st period - Shot Hit the Post.
18:11 of 1st period - Wrist shot by Maxime Sauvé.
18:11 of 1st period - Shot Misses the Net.
18:13 of 1st period - Wrist shot by Sebastian Collberg.
18:13 of 1st period - Stopped by Marcus Hogberg with a rebound.
18:15 of 1st period - Slapshot by Mikhail Sergachev.
18:15 of 1st period - Stopped by Marcus Hogberg with a rebound.
18:53 of 1st period - Wrist shot by Danny Kristo.
18:53 of 1st period - Goal by Danny Kristo - Griffins : 1 - Wolfpack : 0.
18:54 of 1st period - Lucas Lessio wins face-off versus Henrik Samuelsson in neutral zone.
19:07 of 1st period - Snap shot by Adam Gaudette.
19:07 of 1st period - Stopped by Samuel Montembeault with a rebound.
19:09 of 1st period - Slapshot by Patrick Wiercioch.
19:09 of 1st period - Shot Misses the Net.
19:19 of 1st period - Mathew Barzal is hit by Sebastian Collberg and loses puck.
19:24 of 1st period - Snap shot by Samuel Blais.
19:24 of 1st period - Stopped by Marcus Hogberg without a rebound.
19:25 of 1st period - Maxime Sauvé wins face-off versus Mathew Barzal in Griffins zone.
19:30 of 1st period - Slapshot by Samuel Blais.
19:30 of 1st period - Goal by Samuel Blais - Griffins : 1 - Wolfpack : 1.
19:31 of 1st period - Henrik Samuelsson wins face-off versus Riley Armstrong in neutral zone.
19:56 of 1st period - Maxime Sauvé is hit by Patrick Wiercioch and loses puck.
Goals for this period are 1 for Griffins vs 1 for Wolfpack.
Shots for this period are 12 for Griffins vs 17 for Wolfpack.
2nd period
0:01 of 2nd period - Henrik Samuelsson wins face-off versus Mathew Barzal in neutral zone.
0:33 of 2nd period - Wrist shot by Sebastian Collberg.
0:33 of 2nd period - Shot Misses the Net.
0:35 of 2nd period - Snap shot by Samuel Blais.
0:35 of 2nd period - Shot Misses the Net.
0:47 of 2nd period - Wrist shot by David Pope.
0:47 of 2nd period - Shot Misses the Net.
0:49 of 2nd period - Snap shot by David Pope.
0:49 of 2nd period - Shot Blocked by Riley Armstrong.
1:03 of 2nd period - Minor Penalty to Riley Armstrong for Hooking.
1:04 of 2nd period - Henrik Samuelsson wins face-off versus Mathew Barzal in Griffins zone.
1:55 of 2nd period - Phil Oreskovic is hit by Henrik Samuelsson.
2:04 of 2nd period - Ian McCoshen is hit by Stefan Noesen and loses puck.
3:03 of 2nd period - Penalty to Riley Armstrong is over, Riley Armstrong is back on ice.
3:15 of 2nd period - Alex Barre-Boulet is hit by Phil Oreskovic and loses puck.
4:05 of 2nd period - Adam Gaudette is hit by Seth Griffith and loses puck.
4:44 of 2nd period - Ryan Dzingel is hit by Martin Frk and loses puck.
6:14 of 2nd period - Slapshot by Steven Santini.
6:14 of 2nd period - Stopped by Marcus Hogberg without a rebound.
6:15 of 2nd period - Maxime Sauvé wins face-off versus Riley Armstrong in Griffins zone.
6:18 of 2nd period - Wrist shot by Samuel Blais.
6:18 of 2nd period - Shot Misses the Net.
6:20 of 2nd period - Backhand shot by Ryan Culkin.
6:20 of 2nd period - Deflect By Patrick Wiercioch.
6:20 of 2nd period - Stopped by Marcus Hogberg with a rebound.
6:22 of 2nd period - Snap shot by Maxime Sauvé.
6:22 of 2nd period - Stopped by Marcus Hogberg without a rebound.
6:23 of 2nd period - Maxime Sauvé wins face-off versus Mathew Barzal in Griffins zone.
6:24 of 2nd period - Snap shot by Sebastian Collberg.
6:24 of 2nd period - Stopped by Marcus Hogberg with a rebound.
6:58 of 2nd period - Snap shot by Lucas Lessio.
6:58 of 2nd period - Stopped by Samuel Montembeault without a rebound.
6:59 of 2nd period - Mathew Barzal wins face-off versus Maxime Sauvé in Wolfpack zone.
7:04 of 2nd period - Snap shot by Tyler Pitlick.
7:04 of 2nd period - Shot Misses the Net.
7:14 of 2nd period - Slapshot by Samuel Blais.
7:14 of 2nd period - Deflect By Maxime Sauvé.
7:14 of 2nd period - Goal by Maxime Sauvé - Griffins : 1 - Wolfpack : 2.
7:15 of 2nd period - Danny Kristo wins face-off versus Henrik Samuelsson in neutral zone.
7:55 of 2nd period - Minor Penalty to Adam Gaudette for Goalie Interference.
7:56 of 2nd period - Riley Armstrong wins face-off versus Henrik Samuelsson in Griffins zone.
8:07 of 2nd period - Snap shot by Riley Armstrong.
8:07 of 2nd period - Shot Misses the Net.
8:21 of 2nd period - Riley Armstrong is hit by Vince Dunn and loses puck.
8:30 of 2nd period - Snap shot by Ryan Dzingel.
8:30 of 2nd period - Shot Blocked by Riley Armstrong.
9:37 of 2nd period - Icing by Steven Santini.
9:38 of 2nd period - Henrik Samuelsson wins face-off versus Danny Kristo in Wolfpack zone.
9:55 of 2nd period - Penalty to Adam Gaudette is over, Adam Gaudette is back on ice.
10:06 of 2nd period - Off-side.
10:07 of 2nd period - Mathew Barzal wins face-off versus David Pope in neutral zone.
10:10 of 2nd period - Slapshot by Patrick Wiercioch.
10:10 of 2nd period - Stopped by Samuel Montembeault with a rebound.
10:22 of 2nd period - Icing by Patrick Wiercioch.
10:23 of 2nd period - Mathew Barzal wins face-off versus Henrik Samuelsson in Griffins zone.
10:48 of 2nd period - Snap shot by Patrick Wiercioch.
10:48 of 2nd period - Stopped by Samuel Montembeault without a rebound.
10:49 of 2nd period - Maxime Sauvé wins face-off versus Riley Armstrong in Wolfpack zone.
11:01 of 2nd period - Snap shot by Riley Armstrong.
11:01 of 2nd period - Shot Misses the Net.
11:05 of 2nd period - Wrist shot by Adam Gaudette.
11:05 of 2nd period - Stopped by Samuel Montembeault without a rebound.
11:06 of 2nd period - Stefan Noesen wins face-off versus Mathew Barzal in Wolfpack zone.
11:06 of 2nd period - Stefan Noesen is hit by Mathew Barzal.
11:35 of 2nd period - Minor Penalty to Seth Griffith for Hooking.
11:36 of 2nd period - Riley Armstrong wins face-off versus Maxime Sauvé in Wolfpack zone.
11:48 of 2nd period - Slapshot by Riley Armstrong.
11:48 of 2nd period - Goal by Riley Armstrong - Griffins : 2 - Wolfpack : 2.
11:49 of 2nd period - Henrik Samuelsson wins face-off versus Riley Armstrong in neutral zone.
12:45 of 2nd period - Ian McCoshen is hit by Dave Dziurzynski and loses puck.
12:53 of 2nd period - Icing by Garrett Wilson.
12:54 of 2nd period - Kevin Roy wins face-off versus Vladislav Namestnikov in Griffins zone.
12:59 of 2nd period - Wrist shot by David Pope.
12:59 of 2nd period - Shot Misses the Net.
13:01 of 2nd period - Slapshot by Steven Santini.
13:01 of 2nd period - Shot Misses the Net.
13:03 of 2nd period - Snap shot by David Pope.
13:03 of 2nd period - Stopped by Marcus Hogberg with a rebound.
13:05 of 2nd period - Wrist shot by Connor Chatam.
13:05 of 2nd period - Shot Misses the Net.
13:07 of 2nd period - Snap shot by Derrick Pouliot.
13:07 of 2nd period - Stopped by Marcus Hogberg without a rebound.
13:08 of 2nd period - Riley Armstrong wins face-off versus Henrik Samuelsson in Griffins zone.
13:17 of 2nd period - Slapshot by Marcus Pettersson.
13:17 of 2nd period - Deflect By Henrik Samuelsson.
13:17 of 2nd period - Stopped by Samuel Montembeault without a rebound.
13:18 of 2nd period - Riley Armstrong wins face-off versus Henrik Samuelsson in Wolfpack zone.
13:19 of 2nd period - Wrist shot by Adam Gaudette.
13:19 of 2nd period - Shot Misses the Net.
13:21 of 2nd period - Wrist shot by Adam Gaudette.
13:21 of 2nd period - Stopped by Samuel Montembeault with a rebound.
13:23 of 2nd period - Slapshot by Marcus Pettersson.
13:23 of 2nd period - Stopped by Samuel Montembeault without a rebound.
13:24 of 2nd period - Henrik Samuelsson wins face-off versus Riley Armstrong in Wolfpack zone.
14:45 of 2nd period - Slapshot by Marcus Pettersson.
14:45 of 2nd period - Shot Blocked by Kevin Roy.
15:39 of 2nd period - Wrist shot by Mathew Barzal.
15:39 of 2nd period - Stopped by Samuel Montembeault without a rebound.
15:40 of 2nd period - Mathew Barzal wins face-off versus Maxime Sauvé in Wolfpack zone.
16:05 of 2nd period - Riley Armstrong is hit by Dave Dziurzynski and loses puck.
16:09 of 2nd period - Icing by Ryan Pulock.
16:10 of 2nd period - Seth Griffith wins face-off versus Riley Armstrong in Griffins zone.
16:17 of 2nd period - Adam Gaudette is hit by Seth Griffith and loses puck.
16:42 of 2nd period - Icing by Adam Gaudette.
16:43 of 2nd period - Henrik Samuelsson wins face-off versus Riley Armstrong in Griffins zone.
16:52 of 2nd period - Snap shot by Lucas Lessio.
16:52 of 2nd period - Stopped by Samuel Montembeault with a rebound.
16:54 of 2nd period - Snap shot by Adam Gaudette.
16:54 of 2nd period - Stopped by Samuel Montembeault with a rebound.
16:56 of 2nd period - Slapshot by Riley Armstrong.
16:56 of 2nd period - Stopped by Samuel Montembeault with a rebound.
16:58 of 2nd period - Wrist shot by Adam Gaudette.
16:58 of 2nd period - Shot Misses the Net.
17:00 of 2nd period - Wrist shot by Lucas Lessio.
17:00 of 2nd period - Stopped by Samuel Montembeault with a rebound.
17:02 of 2nd period - Slapshot by Ryan Pulock.
17:02 of 2nd period - Deflect By Riley Armstrong.
17:02 of 2nd period - Stopped by Samuel Montembeault without a rebound.
17:03 of 2nd period - Mathew Barzal wins face-off versus Maxime Sauvé in Wolfpack zone.
17:04 of 2nd period - Snap shot by Tyler Pitlick.
17:04 of 2nd period - Stopped by Samuel Montembeault without a rebound.
17:05 of 2nd period - Mathew Barzal wins face-off versus Maxime Sauvé in Wolfpack zone.
17:06 of 2nd period - Wrist shot by Danny Kristo.
17:06 of 2nd period - Deflect By Mathew Barzal.
17:06 of 2nd period - Shot Blocked by Derrick Pouliot.
17:06 of 2nd period - Puck is out of play.
17:07 of 2nd period - Maxime Sauvé wins face-off versus Mathew Barzal in Wolfpack zone.
17:38 of 2nd period - Snap shot by Henrik Samuelsson.
17:38 of 2nd period - Shot Misses the Net.
17:40 of 2nd period - Wrist shot by Henrik Samuelsson.
17:40 of 2nd period - Shot Misses the Net.
17:42 of 2nd period - Snap shot by Henrik Samuelsson.
17:42 of 2nd period - Shot Misses the Net.
18:18 of 2nd period - Wrist shot by Brendan Woods.
18:18 of 2nd period - Shot Misses the Net.
18:37 of 2nd period - Off-side.
18:38 of 2nd period - Henrik Samuelsson wins face-off versus Riley Armstrong in neutral zone.
18:40 of 2nd period - Minor Penalty to Stefan Noesen for Slashing.
18:41 of 2nd period - Maxime Sauvé wins face-off versus Riley Armstrong in Wolfpack zone.
18:49 of 2nd period - Steven Santini is hit by Riley Armstrong and loses puck.
Goals for this period are 1 for Griffins vs 1 for Wolfpack.
Shots for this period are 15 for Griffins vs 7 for Wolfpack.
3rd period
0:01 of 3rd period - Maxime Sauvé wins face-off versus Riley Armstrong in neutral zone.
0:36 of 3rd period - Slapshot by Marcus Pettersson.
0:36 of 3rd period - Stopped by Samuel Montembeault without a rebound.
0:37 of 3rd period - Henrik Samuelsson wins face-off versus Mathew Barzal in Wolfpack zone.
0:40 of 3rd period - Penalty to Stefan Noesen is over, Stefan Noesen is back on ice.
1:02 of 3rd period - Henrik Samuelsson is hit by Phil Oreskovic.
1:18 of 3rd period - Slapshot by Mikhail Sergachev.
1:18 of 3rd period - Deflect By Maxime Sauvé.
1:18 of 3rd period - Stopped by Marcus Hogberg with a rebound.
1:20 of 3rd period - Snap shot by Samuel Blais.
1:20 of 3rd period - Shot Misses the Net.
1:22 of 3rd period - Snap shot by Sebastian Collberg.
1:22 of 3rd period - Deflect By Samuel Blais.
1:22 of 3rd period - Deflect By Riley Armstrong.
1:22 of 3rd period - Stopped by Marcus Hogberg with a rebound.
1:24 of 3rd period - Snap shot by Sebastian Collberg.
1:24 of 3rd period - Shot Misses the Net.
1:33 of 3rd period - Minor Penalty to Riley Armstrong for Slashing.
1:34 of 3rd period - Mathew Barzal wins face-off versus Henrik Samuelsson in Griffins zone.
1:53 of 3rd period - Stefan Noesen is hit by Phil Oreskovic and loses puck.
2:10 of 3rd period - Mathew Barzal is hit by Ryan Dzingel.
3:33 of 3rd period - Penalty to Riley Armstrong is over, Riley Armstrong is back on ice.
3:42 of 3rd period - Wrist shot by Riley Armstrong.
3:42 of 3rd period - Stopped by Samuel Montembeault with a rebound.
3:44 of 3rd period - Snap shot by Phil Oreskovic.
3:44 of 3rd period - Deflect By Derrick Pouliot.
3:44 of 3rd period - Stopped by Samuel Montembeault with a rebound.
3:46 of 3rd period - Snap shot by Ian McCoshen.
3:46 of 3rd period - Stopped by Samuel Montembeault with a rebound.
3:48 of 3rd period - Slapshot by Phil Oreskovic.
3:48 of 3rd period - Shot Blocked by Steven Santini.
3:56 of 3rd period - Slapshot by Riley Armstrong.
3:56 of 3rd period - Stopped by Samuel Montembeault with a rebound.
3:58 of 3rd period - Snap shot by Riley Armstrong.
3:58 of 3rd period - Stopped by Samuel Montembeault with a rebound.
4:30 of 3rd period - David Pope is hit by Ian McCoshen and loses puck.
4:35 of 3rd period - Slapshot by Sonny Milano.
4:35 of 3rd period - Goal by Sonny Milano - Griffins : 3 - Wolfpack : 2.
4:36 of 3rd period - Henrik Samuelsson wins face-off versus Vladislav Namestnikov in neutral zone.
4:41 of 3rd period - Slapshot by Stefan Noesen.
4:41 of 3rd period - Deflect By Ryan Dzingel.
4:41 of 3rd period - Shot Blocked by Phil Oreskovic.
4:41 of 3rd period - Puck is out of play.
4:42 of 3rd period - Vladislav Namestnikov wins face-off versus Henrik Samuelsson in Griffins zone.
4:55 of 3rd period - Wrist shot by Vladislav Namestnikov.
4:55 of 3rd period - Stopped by Samuel Montembeault without a rebound.
4:56 of 3rd period - Riley Armstrong wins face-off versus Henrik Samuelsson in Wolfpack zone.
4:59 of 3rd period - Snap shot by Adam Gaudette.
4:59 of 3rd period - Stopped by Samuel Montembeault with a rebound.
5:01 of 3rd period - Minor Penalty to Henrik Samuelsson for Cross-checking.
5:02 of 3rd period - Maxime Sauvé wins face-off versus Riley Armstrong in Wolfpack zone.
5:32 of 3rd period - Off-side.
5:33 of 3rd period - Maxime Sauvé wins face-off versus Mathew Barzal in neutral zone.
5:57 of 3rd period - Double Minor Penalty to Kevin Roy for Roughing.
5:58 of 3rd period - Maxime Sauvé wins face-off versus Riley Armstrong in Wolfpack zone.
6:26 of 3rd period - Off-side.
6:27 of 3rd period - Maxime Sauvé wins face-off versus Mathew Barzal in neutral zone.
6:41 of 3rd period - Off-side.
6:42 of 3rd period - Maxime Sauvé wins face-off versus Riley Armstrong in neutral zone.
7:01 of 3rd period - Penalty to Henrik Samuelsson is over, Henrik Samuelsson is back on ice.
9:57 of 3rd period - Penalty to Kevin Roy is over, Kevin Roy is back on ice.
10:03 of 3rd period - Vince Dunn is hit by Troy Terry.
10:51 of 3rd period - Brendan Woods is hit by Seth Griffith and loses puck.
11:01 of 3rd period - Minor Penalty to Connor Chatam for Tripping.
11:02 of 3rd period - Mathew Barzal wins face-off versus Maxime Sauvé in Wolfpack zone.
11:26 of 3rd period - Henrik Samuelsson is hit by Adam Gaudette and loses puck.
11:53 of 3rd period - Maxime Sauvé is hit by Riley Armstrong and loses puck.
12:54 of 3rd period - Slapshot by Riley Armstrong.
12:54 of 3rd period - Shot Misses the Net.
12:56 of 3rd period - Wrist shot by Martin Frk.
12:56 of 3rd period - Stopped by Samuel Montembeault with a rebound.
12:58 of 3rd period - Slapshot by Martin Frk.
12:58 of 3rd period - Stopped by Samuel Montembeault without a rebound.
12:59 of 3rd period - Adam Gaudette wins face-off versus Henrik Samuelsson in Wolfpack zone.
13:00 of 3rd period - Wrist shot by Garrett Wilson.
13:00 of 3rd period - Shot Misses the Net.
13:01 of 3rd period - Penalty to Connor Chatam is over, Connor Chatam is back on ice.
13:02 of 3rd period - Slapshot by Marcus Pettersson.
13:02 of 3rd period - Deflect By Garrett Wilson.
13:02 of 3rd period - Shot Blocked by Vince Dunn.
13:02 of 3rd period - Puck is out of play.
13:03 of 3rd period - Henrik Samuelsson wins face-off versus Vladislav Namestnikov in Wolfpack zone.
13:16 of 3rd period - Vince Dunn is hit by Brendan Woods and loses puck.
14:11 of 3rd period - Snap shot by Brendan Woods.
14:11 of 3rd period - Goal by Brendan Woods - Griffins : 4 - Wolfpack : 2.
14:12 of 3rd period - Henrik Samuelsson wins face-off versus Mathew Barzal in neutral zone.
14:17 of 3rd period - Snap shot by Stefan Noesen.
14:17 of 3rd period - Shot Misses the Net.
14:37 of 3rd period - Vince Dunn is hit by Riley Armstrong and loses puck.
14:46 of 3rd period - Snap shot by Riley Armstrong.
14:46 of 3rd period - Shot Misses the Net.
15:28 of 3rd period - Wrist shot by Henrik Samuelsson.
15:28 of 3rd period - Shot Misses the Net.
15:40 of 3rd period - Slapshot by Phil Oreskovic.
15:40 of 3rd period - Deflect By Vladislav Namestnikov.
15:40 of 3rd period - Stopped by Samuel Montembeault with a rebound.
15:42 of 3rd period - Snap shot by Troy Terry.
15:42 of 3rd period - Stopped by Samuel Montembeault without a rebound.
15:43 of 3rd period - Seth Griffith wins face-off versus Vladislav Namestnikov in Wolfpack zone.
16:06 of 3rd period - Brendan Woods is hit by Stefan Noesen and loses puck.
16:15 of 3rd period - Slapshot by Ryan Dzingel.
16:15 of 3rd period - Deflect By Henrik Samuelsson.
16:15 of 3rd period - Shot Blocked by Ian McCoshen.
16:15 of 3rd period - Puck is out of play.
16:16 of 3rd period - Seth Griffith wins face-off versus Martin Frk in Griffins zone.
16:29 of 3rd period - Wrist shot by Seth Griffith.
16:29 of 3rd period - Stopped by Marcus Hogberg without a rebound.
16:30 of 3rd period - Henrik Samuelsson wins face-off versus Martin Frk in Griffins zone.
17:42 of 3rd period - Vladislav Namestnikov is hit by Ryan Dzingel and loses puck.
17:49 of 3rd period - Slapshot by Stefan Noesen.
17:49 of 3rd period - Shot Misses the Net.
17:59 of 3rd period - Wrist shot by David Pope.
17:59 of 3rd period - Stopped by Marcus Hogberg with a rebound.
18:01 of 3rd period - Wrist shot by David Pope.
18:01 of 3rd period - Stopped by Marcus Hogberg without a rebound.
18:02 of 3rd period - Kevin Roy wins face-off versus Martin Frk in Griffins zone.
18:03 of 3rd period - Slapshot by David Pope.
18:03 of 3rd period - Shot Blocked by Garrett Wilson.
18:05 of 3rd period - Slapshot by Derrick Pouliot.
18:05 of 3rd period - Goal by Derrick Pouliot - Griffins : 4 - Wolfpack : 3.
18:06 of 3rd period - Martin Frk wins face-off versus Dave Dziurzynski in neutral zone.
18:15 of 3rd period - Wrist shot by Sonny Milano.
18:15 of 3rd period - Deflect By Garrett Wilson.
18:15 of 3rd period - Shot Blocked by Steven Santini.
18:15 of 3rd period - Puck is out of play.
18:16 of 3rd period - Martin Frk wins face-off versus Seth Griffith in Wolfpack zone.
18:19 of 3rd period - Snap shot by Garrett Wilson.
18:19 of 3rd period - Shot Misses the Net.
18:21 of 3rd period - Slapshot by Marcus Pettersson.
18:21 of 3rd period - Shot Misses the Net.
18:23 of 3rd period - Snap shot by Martin Frk.
18:23 of 3rd period - Stopped by Samuel Montembeault with a rebound.
18:25 of 3rd period - Wrist shot by Garrett Wilson.
18:25 of 3rd period - Shot Misses the Net.
18:26 of 3rd period - Minor Penalty to Sonny Milano for Holding.
18:27 of 3rd period - Riley Armstrong wins face-off versus Henrik Samuelsson in Griffins zone.
19:06 of 3rd period - Wolfpack, Samuel Montembeault is pulled from the net.
19:10 of 3rd period - Wrist shot by Ryan Dzingel.
19:10 of 3rd period - Stopped by Marcus Hogberg without a rebound.
19:11 of 3rd period - Jack Capuano call a timeout for Wolfpack.
19:11 of 3rd period - Riley Armstrong wins face-off versus Henrik Samuelsson in Griffins zone.
19:23 of 3rd period - Wrist shot by Henrik Samuelsson.
19:23 of 3rd period - Stopped by Marcus Hogberg with a rebound.
19:25 of 3rd period - Snap shot by Stefan Noesen.
19:25 of 3rd period - Deflect By Henrik Samuelsson.
19:25 of 3rd period - Stopped by Marcus Hogberg with a rebound.
19:27 of 3rd period - Slapshot by Henrik Samuelsson.
19:27 of 3rd period - Shot Hit the Post.
19:43 of 3rd period - Snap shot by Ryan Dzingel.
19:43 of 3rd period - Shot Misses the Net.
19:45 of 3rd period - Slapshot by Mikhail Sergachev.
19:45 of 3rd period - Deflect By Sebastian Collberg.
19:45 of 3rd period - Deflect By Phil Oreskovic.
19:45 of 3rd period - Shot Misses the Net.
19:45 of 3rd period - Puck is out of play.
19:46 of 3rd period - Henrik Samuelsson wins face-off versus Riley Armstrong in Griffins zone.
Goals for this period are 2 for Griffins vs 1 for Wolfpack.
Shots for this period are 15 for Griffins vs 9 for Wolfpack.
Output by the SimonT Hockey Simulator (STHS) for Francois Prevost